 Dungeon Crawl Stone Soup version 0.26-a0-540-g8a0c9464d7 (webtiles) character file.

Game seed: 14402038839013128147

817 Gorglomux the Cutter (level 7, -8/49 HPs)
             Began as an Octopode Brigand on Aug 21, 2020.
             Mangled by an ice beast (11 damage)
             ... on level 4 of the Dungeon.
             The game lasted 00:14:47 (4644 turns).

Gorglomux the Cutter (Octopode Brigand)             Turns: 4644, Time: 00:14:47

Health: -8/49      AC:  1    Str: 11    XL:     7   Next: 94%
Magic:  7/7        EV: 15    Int: 13    God:
Gold:   279        SH:  0    Dex: 15    Spells: 5/6 levels left

rFire    . . .     SeeInvis .   a - +3 dagger
rCold    . . .     Faith    .   (no shield)
rNeg     . . .     Spirit   .   (helmet restricted)
rPois    .         Reflect  .   (no amulet)
rElec    .         Harm     .   (no ring)
rCorr    .                      (no ring)
MR       .....                  (no ring)
Stlth    ++++......             (no ring)
HPRegen  0.16/turn              (no ring)
MPRegen  0.10/turn              (no ring)
                                (no ring)
                                (no ring)

@: flying
A: almost no armour, stealthy swim, amphibious, 8 rings, constrict 8, camouflage
1, gelatinous body 1
a: no special abilities


You were on level 4 of the Dungeon.
You visited 1 branch of the dungeon, and saw 5 of its levels.

You collected 279 gold pieces.

Inventory:

Hand Weapons
 a - a +3 dagger (weapon)
Missiles
 b - 14 poisoned darts (quivered)
 F - 2 curare-tipped darts
Armour
 j - a +0 kite shield
 k - a +0 tower shield
Wands
 I - a wand of iceblast (4)
Scrolls
 c - 3 scrolls of enchant weapon
 e - 3 scrolls of fog {unknown}
 f - 2 scrolls of remove curse {unknown}
 g - a scroll of enchant armour {unknown}
 h - a scroll of amnesia {unknown}
 i - a scroll of random uselessness {unknown}
 l - a scroll of blinking {unknown}
 m - a scroll of fear {unknown}
 n - 2 scrolls of teleportation {unknown}
 R - 11 scrolls of identify
Potions
 o - a potion of stabbing
 H - a potion of haste


   Skills:
 + Level 4.6 Fighting
 - Level 6.5 Short Blades
 - Level 2.0 Throwing
 - Level 4.0 Dodging
 - Level 5.3 Stealth


You had 5 spell levels left.
You knew the following spells:

 Your Spells              Type           Power        Failure   Level
a - Corona                Hex            #......      30%         1

Your spell library contained the following spells:

 Spells                   Type           Power        Failure   Level
 Ensorcelled Hibernation  Hex/Ice        #.....       43%         2
 Confusing Touch          Hex            #.......     67%         3
 Dazzling Flash           Conj/Hex       #.....       67%         3
 Tukima's Dance           Hex            #.......     67%         3


Dungeon Overview and Level Annotations

Branches:
Dungeon (5/15)
 Temple: D:4-7

Altars:
Hepliaklqana


Innate Abilities, Weirdness & Mutations

You cannot wear most types of armour.
You are very stealthy in the water. (Stealth+)
You are amphibious.
You can wear up to eight rings at the same time.
You can use your tentacles to constrict eight enemies at once.
Your skin changes colour to match your surroundings (Stealth+).
Your rubbery body absorbs attacks. (AC +1, EV +1)


Message History

The ice beast is lightly wounded.
The ice beast hits you. The ice beast freezes you!
You hit the ice beast.
The ice beast is moderately wounded.
The ice beast completely misses you.
You barely miss the ice beast.
The ice beast is moderately wounded.
You hit the ice beast but do no damage.
The ice beast is moderately wounded.
The ice beast hits you. The ice beast freezes you!
You closely miss the ice beast. You squeeze the ice beast.
The ice beast is heavily wounded.
The ice beast hits you. The ice beast freezes you!
* * * LOW HITPOINT WARNING * * *
The ice beast looks more healthy.
There is an open door here.
Evoke which item? (* to show all) (? for menu, Esc to quit)
Okay, then.
Okay, then.
There is a stone staircase leading up here.
The ice beast barely misses you.
You climb upwards.
There is a stone staircase leading down here.
Okay, then.
Evoke which item? (* to show all) (? for menu, Esc to quit)
Okay, then.
It was a potion of flight.
You feel very buoyant.
You fly up into the air.
The ice beast hits you.
* * * LOW HITPOINT WARNING * * *
The ice beast freezes you.
* * * LOW HITPOINT WARNING * * *
You feel better. The ice beast hits you. The ice beast freezes you!
* * * LOW HITPOINT WARNING * * *
Okay, then.
As you read the scroll labeled ZAELIR WAFUHI, it crumbles to dust.
It is a scroll of enchant weapon.
Your +2 dagger glows red for a moment.
The ice beast misses you.
You hit the ice beast but do no damage.
You squeeze the ice beast, but do no damage.
The ice beast is severely wounded.
The ice beast closely misses you.
You barely miss the ice beast. You squeeze the ice beast.
The ice beast is almost dead.
You hit the ice beast but do no damage.
The ice beast is almost dead.
The ice beast hits you.
* * * LOW HITPOINT WARNING * * *
The ice beast freezes you!
You die...

.#.................#.#.#
#.#
...................#.#.#
#.#
...................#...#
#.#
...................##..#
#.#
....###............'...#
#.# ....#
####........[##.## #.#
....# #.........##.##
#.#
....#########'#######..#
#.# ....'..........Y@#
##.## #.#
....##........#### #..#
#.# ....##........#
##.## #.#
....##........# #..# #.#
....#####.....# ##.##
#.# #########.....# #..#
#.# #.............# ##.#
#.# #..........##.# #.#
#.# #..........##.# #.#
#.#


You could see an ice beast.

Vanquished Creatures
  4 ogres
  A centaur (D:4)
  2 howler monkeys (D:4)
  An orc wizard (D:4)
  2 iguanas (D:4)
  Ijyb (D:3)
  Terence (D:2)
  2 worker ants (D:4)
  7 adders
  An ooze (D:1)
  2 worms (D:3)
  A dart slug (D:3)
  3 leopard geckos
  2 orcs
  6 giant cockroaches
  9 goblins
  6 hobgoblins
  4 jackals (D:3)
  A quokka (D:2)
  A ball python (D:4)
  4 bats
  5 frilled lizards
  9 kobolds
  A quokka skeleton (D:4)
  4 rats
80 creatures vanquished.

Notes
Turn   | Place    | Note
-------+----------+-------------------------------------------
     0 | D:1      | Gorglomux the Octopode Brigand began the quest for the Orb.
     0 | D:1      | Reached XP level 1. HP: 14/14 MP: 1/1
   321 | D:1      | Reached XP level 2. HP: 17/19 MP: 2/2
   414 | D:1      | Reached skill level 3 in Short Blades
  1100 | D:1      | Reached XP level 3. HP: 24/24 MP: 3/3
  1351 | D:2      | Found a hazy altar of Hepliaklqana.
  1638 | D:2      | Learned a level 1 spell: Corona
  1732 | D:2      | Noticed Terence
  1735 | D:2      | Killed Terence
  1735 | D:2      | Reached skill level 4 in Short Blades
  1735 | D:2      | Reached XP level 4. HP: 29/29 MP: 4/4
  2378 | D:2      | Reached skill level 5 in Short Blades
  2378 | D:2      | Reached XP level 5. HP: 29/34 MP: 5/5
  2758 | D:3      | Noticed Ijyb
  2892 | D:3      | Killed Ijyb
  3235 | D:4      | Reached skill level 6 in Short Blades
  3348 | D:4      | Noticed an ogre
  3365 | D:3      | Killed an ogre
  3365 | D:3      | Reached XP level 6. HP: 17/39 MP: 6/6
  3911 | D:4      | Reached XP level 7. HP: 35/45 MP: 7/7
  3915 | D:4      | Reached skill level 3 in Fighting
  4162 | D:4      | Reached skill level 3 in Dodging
  4558 | D:5      | Entered Level 5 of the Dungeon
  4644 | D:4      | Mangled by an ice beast

Illustrated notes

Levels and vault maps discovered:
D:1:      arrival_zaba_pyramid, layout_basic, kennysheep_decorative_pillar,
          minmay_crystal_water, minmay_tromino_v2
D:2:      layout_rooms, lemuel_doored_altar, uniq_terence
D:3:      layout_loops_ring, uniq_ijyb
D:4:      layout_basic, minmay_divided_ellipse
D:5:      layout_basic, minitemple, kiku_gazebo_pond_becter,
          hangedman_decor_riveting, abandoned_shop, kennysheep_generic_room_14

Skill      XL: |  1  2  3  4  5  6  7 |
---------------+----------------------+-----
Short Blades   | 3 4 5 6 |  6.5
Dodging        | 2 4 |  4.0
Fighting       | 4 |  4.6
Throwing       | |  2.0
Stealth        | |  5.3

Action                   |  1- 3 |  4- 6 |  7- 9 || total
-------------------------+-------+-------+-------++-------
Melee: Dagger            |    51 |    79 |    29 ||   159
       Constrict         |    11 |    16 |     3 ||    30
       Tentacles         |     3 |    21 |     7 ||    31
Throw: Dart              |    14 |    29 |     8 ||    51
 Cast: Corona            |     1 |       |       ||     1
Evoke: Wand              |       |     1 |       ||     1
  Use: Potion            |       |     4 |     2 ||     6
       Scroll            |       |     1 |     1 ||     2
 Stab: Sleeping          |     8 |    11 |     8 ||    27
Armor: Skin              |     1 |     4 |       ||     5
Dodge: Dodged            |    12 |    38 |     5 ||    55

Table legend: (Time is in decaauts)
 A = Elapsed time spent in this place.
 B = Non-inter-level travel time spent in this place.
 C = Inter-level travel time spent in this place.
 D = Time resting spent in this place.
 E = Time spent auto-exploring this place.
 F = Levels seen in this place.
 G = Mean time per level.
                   A        B        C        D        E       F      G
               +--------+--------+--------+--------+--------+-----+--------+
         Total |   4601 |   4464 |    137 |    728 |   2867 |   5 |  920.2 |
       Dungeon |   4601 |   4464 |    137 |    728 |   2867 |   5 |  920.2 |
               +--------+--------+--------+--------+--------+-----+--------+

Top non-repeatable levels by time:
     D:3: 1382 daAuts
     D:1: 1279 daAuts
     D:4: 1164 daAuts
     D:2: 697 daAuts
     D:5: 77 daAuts
